[Event "January 9 Early 2024"]
[Site "https://www.chess.com"]
[Date "2024.01.11"]
[Round "5"]
[White "Aravindh, Chithambaram VR."]
[Black "Garriga Cazorla, Pere"]
[Result "1-0"]
[Board "64"]
[TimeControl "180+1"]
[WhiteFideId "5072786"]
[BlackFideId "32011601"]
[WhiteElo "2929"]
[BlackElo "2704"]
[WhiteTeam "IND"]
[BlackTeam "ESP"]
[WhiteClock "0:01:11"]
[BlackClock "0:00:18"]

1. d4 Nf6 2. Nf3 e6 3. e3 d5 4. Bd3 b6 5. O-O Bb7 6. Nbd2 Bd6 7. b3 O-O 8. Bb2 c5 9. Ne5 Nc6 10. a3 Rc8 11. f4 Ne7 12. Qf3 b5 13. dxc5 Bxc5 14. b4 Bb6 15. Rad1 Nf5 16. Bxf5 exf5 17. Nb3 Rxc2 18. Bd4 Ne4 19. Bxb6 axb6 20. Nd4 Ra2 21. Nxf5 g6 22. Nh6+ Kg7 23. Nhxf7 Qe7 24. f5 Rxf7 25. Nxf7 Qxf7 26. Qf4 Qe7 27. Rc1 g5 28. f6+ Nxf6 29. Qxg5+ Kf7 30. Rc7 Qxc7 31. Rxf6+ 1-0

[Event "January 9 Early 2024"]
[Site "https://www.chess.com"]
[Date "2024.01.11"]
[Round "5"]
[White "Chu, Wei Chao"]
[Black "Lagarde, Maxime"]
[Result "0-1"]
[Board "65"]
[TimeControl "180+1"]
[WhiteFideId "8605661"]
[BlackFideId "662399"]
[WhiteElo "2591"]
[BlackElo "2813"]
[WhiteTeam "CHN"]
[BlackTeam "FRA"]
[WhiteClock "0:00:35"]
[BlackClock "0:01:09"]

1. d4 d5 2. c4 c6 3. Nf3 Nf6 4. e3 Bf5 5. Nc3 e6 6. Nh4 Bg6 7. Be2 Nbd7 8. O-O Be7 9. g3 O-O 10. Nxg6 hxg6 11. b3 a6 12. Bb2 b5 13. Qc2 Qb6 14. Bf3 Rac8 15. Rab1 Qb8 16. Rfd1 g5 17. Qe2 Nb6 18. c5 Nbd7 19. Bg2 b4 20. Na4 Qb5 21. Qe1 g4 22. Bf1 Qb7 23. Nb6 Nxb6 24. Qxb4 Nfd7 25. Qa3 Ra8 26. Bc3 Nc8 27. Ba5 f5 28. b4 Nf6 29. Qd3 Ne4 30. a4 Bd8 31. Bxd8 Rxd8 32. h3 Qf7 33. Rdc1 Ne7 34. Bg2 gxh3 35. Bxh3 Qh5 36. Bg2 Ng6 37. f3 Nxg3 38. Kf2 Qh4 0-1

[Event "January 9 Early 2024"]
[Site "https://www.chess.com"]
[Date "2024.01.11"]
[Round "5"]
[White "Antunez Soler, Luis"]
[Black "Aadit Bhatia"]
[Result "0-1"]
[Board "66"]
[TimeControl "180+1"]
[WhiteFideId "3513335"]
[BlackFideId "25088955"]
[WhiteElo "2590"]
[BlackElo "2446"]
[WhiteTeam "CUB"]
[BlackTeam "IND"]
[WhiteClock "0:00:45"]
[BlackClock "0:01:05"]

1. e4 e5 2. Nf3 Nc6 3. Bc4 Nf6 4. d3 Bc5 5. c3 d6 6. Bb3 a5 7. a4 h6 8. Qe2 O-O 9. Nbd2 Ne7 10. Nf1 Ng6 11. Be3 Nf4 12. Bxf4 exf4 13. Qd2 d5 14. e5 Nh5 15. d4 Be7 16. Bd1 f6 17. Nh4 fxe5 18. Ng6 Rf5 19. Nxe5 c5 20. Bg4 Rxe5+ 21. dxe5 Bxg4 22. f3 Bf5 23. g4 fxg3 24. hxg3 Bg6 25. O-O-O d4 26. b3 Qd5 0-1

[Event "January 9 Early 2024"]
[Site "https://www.chess.com"]
[Date "2024.01.11"]
[Round "5"]
[White "Kravtsiv, Martyn"]
[Black "Iturrizaga Bonelli, Eduardo"]
[Result "0-1"]
[Board "67"]
[TimeControl "180+1"]
[WhiteFideId "14113147"]
[BlackFideId "3901211"]
[WhiteElo "2848"]
[BlackElo "2994"]
[WhiteTeam "UKR"]
[BlackTeam "ESP"]
[WhiteClock "0:01:09"]
[BlackClock "0:00:35"]

1. e4 c5 2. Nf3 e6 3. d4 cxd4 4. Nxd4 a6 5. Be2 Nf6 6. Nc3 d6 7. O-O Be7 8. f4 Qc7 9. Kh1 O-O 10. Be3 Bd7 11. a4 Nc6 12. Nb3 b6 13. g4 d5 14. e5 Ne4 15. Nxe4 dxe4 16. c3 Rfd8 17. Qe1 Na5 18. Nd2 Bc6 19. b4 Rxd2 20. bxa5 Rb2 21. axb6 Rxb6 22. Bxb6 Qxb6 23. Rb1 Qc5 24. Rb4 Rd8 25. Rc4 e3+ 26. Kg1 Qd5 27. Rf3 Bc5 28. h3 Qxc4 29. Bxc4 Bxf3 30. Be2 Bxe2 31. Qxe2 Rd1+ 0-1

[Event "January 9 Early 2024"]
[Site "https://www.chess.com"]
[Date "2024.01.11"]
[Round "5"]
[White "Kurmangaliyeva, Liya"]
[Black "Paikens, Reinis"]
[Result "1/2-1/2"]
[Board "68"]
[TimeControl "180+1"]
[WhiteFideId "13725831"]
[BlackFideId "11624078"]
[WhiteElo "2527"]
[BlackElo "2271"]
[WhiteTeam "KAZ"]
[BlackTeam "LAT"]
[WhiteClock "0:00:21"]
[BlackClock "0:01:21"]

1. d4 d5 2. c4 c6 3. Nf3 Nf6 4. Nc3 e6 5. e3 Be7 6. Qc2 Nbd7 7. g4 h6 8. h3 dxc4 9. Bxc4 b5 10. Bd3 Bb7 11. Ne4 Nxe4 12. Bxe4 Rc8 13. Bd2 Nf6 14. Bd3 a6 15. e4 c5 16. dxc5 Bxc5 17. Qb1 Qb6 18. O-O O-O 19. b4 Bd4 20. Nxd4 Qxd4 21. Be3 Qc3 22. Rc1 Qa3 23. Bc5 Rfd8 24. Rd1 Nxe4 25. Bxe4 Rxd1+ 26. Qxd1 Bxe4 27. Qe2 Qf3 28. Qxf3 Bxf3 29. Kh2 Be4 30. Kg3 Bd5 31. a4 Bc4 32. axb5 axb5 33. Ra7 Rd8 34. Ra3 Rd7 35. Be3 f6 36. Ra6 Kf7 37. Ra7 Rxa7 38. Bxa7 1/2-1/2

[Event "January 9 Early 2024"]
[Site "https://www.chess.com"]
[Date "2024.01.11"]
[Round "5"]
[White "Pichot, Alan"]
[Black "Vachier-Lagrave, Maxime"]
[Result "0-1"]
[Board "69"]
[TimeControl "180+1"]
[WhiteFideId "110973"]
[BlackFideId "623539"]
[WhiteElo "2825"]
[BlackElo "3169"]
[WhiteTeam "ESP"]
[BlackTeam "FRA"]
[WhiteClock "0:00:10"]
[BlackClock "0:01:02"]

1. e4 c5 2. Nf3 Nc6 3. Nc3 g6 4. Bb5 Bg7 5. Bxc6 bxc6 6. O-O d6 7. h3 e5 8. a3 a5 9. d3 Ne7 10. a4 O-O 11. Nd2 f5 12. exf5 gxf5 13. f4 exf4 14. Rxf4 Ng6 15. Rf1 f4 16. Nf3 Rb8 17. Ne4 Bf5 18. Re1 Bxb2 19. Bxb2 Rxb2 20. Qd2 Rb4 21. c3 Rb7 22. c4 Rg7 23. Kh1 Nh4 24. Nxh4 Qxh4 25. Qf2 Qh6 26. Ra2 Bxe4 27. Rxe4 f3 28. Qe3 Qxe3 29. Rxe3 f2 0-1

[Event "January 9 Early 2024"]
[Site "https://www.chess.com"]
[Date "2024.01.11"]
[Round "5"]
[White "Mayaud, Raphael"]
[Black "Tiarks, Jann-Christian"]
[Result "0-1"]
[Board "70"]
[TimeControl "180+1"]
[WhiteFideId "627151"]
[BlackFideId "12951595"]
[WhiteElo "2302"]
[BlackElo "2463"]
[WhiteTeam "FRA"]
[BlackTeam "GER"]
[WhiteClock "0:00:11"]
[BlackClock "0:01:15"]

1. d4 d5 2. Nf3 c6 3. c4 e6 4. Nbd2 f5 5. g3 Nf6 6. Bg2 Be7 7. O-O O-O 8. b3 Ne4 9. Bb2 Nd7 10. Nxe4 fxe4 11. Ne5 Nxe5 12. dxe5 Bd7 13. f3 exf3 14. Rxf3 Be8 15. Rxf8+ Bxf8 16. cxd5 cxd5 17. e4 Bc5+ 18. Bd4 Qb6 19. Bxc5 Qxc5+ 20. Kh1 d4 21. Rc1 Qxe5 22. Qd3 Bg6 23. Rc4 Rd8 24. h4 h6 25. Kh2 Qd6 26. Bh3 e5 27. Rc2 Rf8 28. Bg4 Qe7 29. h5 Bh7 30. Qc4+ Kh8 31. Qc7 Qxc7 32. Rxc7 Bxe4 33. Re7 Bf5 34. Bf3 Bb1 35. Rxe5 Rxf3 0-1

[Event "January 9 Early 2024"]
[Site "https://www.chess.com"]
[Date "2024.01.11"]
[Round "5"]
[White "Cupid, Kevin"]
[Black "Ambartsumova, Karina"]
[Result "0-1"]
[Board "71"]
[TimeControl "180+1"]
[WhiteFideId "7700512"]
[BlackFideId "4166299"]
[WhiteElo "2323"]
[BlackElo "2599"]
[WhiteTeam "TTO"]
[BlackTeam "RUS"]
[WhiteClock "0:00:09"]
[BlackClock "0:01:05"]

1. d4 Nf6 2. Nf3 e6 3. Bg5 d5 4. e3 c5 5. c3 Be7 6. Nbd2 b6 7. Bd3 O-O 8. O-O Ba6 9. Qe2 Bxd3 10. Qxd3 Nc6 11. a3 h6 12. Bh4 Qd7 13. b4 a6 14. Rab1 c4 15. Qc2 b5 16. a4 Rfb8 17. a5 Re8 18. Ne5 Nxe5 19. dxe5 Ng4 20. Bg3 f6 21. exf6 Nxf6 22. Rbd1 Bd6 23. e4 Bxg3 24. hxg3 Qf7 25. e5 Ng4 26. Nf3 Qh5 27. Rd4 Rf8 28. Rfd1 Rxf3 29. gxf3 Qh2+ 30. Kf1 Ne3+ 0-1

[Event "January 9 Early 2024"]
[Site "https://www.chess.com"]
[Date "2024.01.11"]
[Round "5"]
[White "Kevlishvili, Robby"]
[Black "Ozer, Omer Faruk"]
[Result "0-1"]
[Board "72"]
[TimeControl "180+1"]
[WhiteFideId "1040634"]
[BlackFideId "6354564"]
[WhiteElo "2956"]
[BlackElo "2765"]
[WhiteTeam "NED"]
[BlackTeam "TUR"]
[WhiteClock "0:01:00"]
[BlackClock "0:00:37"]

1. e4 c5 2. Nf3 Nc6 3. d4 cxd4 4. Nxd4 Nf6 5. Nc3 d6 6. g3 e5 7. Nde2 a6 8. Bg2 Be7 9. O-O O-O 10. a4 b6 11. b3 Bb7 12. Ba3 Rc8 13. Qd2 Qc7 14. Nd5 Nxd5 15. exd5 Nd4 16. Nxd4 exd4 17. Be4 Bf6 18. Bb2 Rfe8 19. Rfe1 Qc5 20. Qd3 g6 21. Qf3 Kg7 22. Ba3 Qc7 23. Rad1 Re7 24. Bb2 Qc5 25. Bc1 Rce8 26. Bd2 Rxe4 27. Rxe4 Qxd5 0-1

[Event "January 9 Early 2024"]
[Site "https://www.chess.com"]
[Date "2024.01.11"]
[Round "5"]
[White "Kukhmazov, Arsen"]
[Black "Cuenca Jimenez, Jose Fernando"]
[Result "1-0"]
[Board "73"]
[TimeControl "180+1"]
[WhiteFideId "24108260"]
[BlackFideId "2255570"]
[WhiteElo "2911"]
[BlackElo "2684"]
[WhiteTeam "FID"]
[BlackTeam "ESP"]
[WhiteClock "0:01:04"]
[BlackClock "0:00:40"]

1. d4 d5 2. c4 e6 3. Nf3 Nf6 4. g3 Bb4+ 5. Bd2 a5 6. Bg2 O-O 7. Qc2 Be7 8. O-O c6 9. Bf4 Nbd7 10. Nc3 dxc4 11. Nd2 Nd5 12. Nxc4 Nxf4 13. gxf4 Qc7 14. e3 Nf6 15. Rac1 Nd5 16. Rfd1 Bd7 17. Ne5 Nb4 18. Qe2 f6 19. Nxd7 Qxd7 20. a3 Nd5 21. Ne4 f5 22. Nc5 Bxc5 23. Rxc5 Kh8 24. Kh1 Rg8 25. Qd2 a4 26. Rg1 Qe7 27. Rcc1 g5 28. fxg5 Rxg5 29. Bf3 Rag8 30. Rxg5 Qxg5 31. Qe2 Qh4 32. Rg1 Rxg1+ 33. Kxg1 Qd8 34. Qc2 Qb6 35. Bd1 Qa5 36. Kg2 Kg7 37. Qc4 Qd2 38. Qe2 Nxe3+ 39. fxe3 1-0

[Event "January 9 Early 2024"]
[Site "https://www.chess.com"]
[Date "2024.01.11"]
[Round "5"]
[White "Al-Tarboush, Ward"]
[Black "Marn, Jan"]
[Result "0-1"]
[Board "74"]
[TimeControl "180+1"]
[WhiteFideId "7601450"]
[BlackFideId "14619245"]
[WhiteElo "2621"]
[BlackElo "2476"]
[WhiteTeam "NOR"]
[BlackTeam "SLO"]
[WhiteClock "0:00:50"]
[BlackClock "0:00:29"]

1. e4 e5 2. Nf3 Nc6 3. Bb5 Nf6 4. O-O Nxe4 5. d4 Nd6 6. Bxc6 dxc6 7. dxe5 Nf5 8. Qxd8+ Kxd8 9. Nc3 Ke8 10. h3 h5 11. Bg5 Be6 12. Rad1 Be7 13. Bxe7 Kxe7 14. Ne2 Rad8 15. Nf4 h4 16. a3 c5 17. Rfe1 Nd4 18. Nxd4 cxd4 19. Nxe6 Kxe6 20. Re4 c5 21. Rg4 g6 22. b4 b6 23. bxc5 bxc5 24. Rb1 Rb8 25. Re1 Rb2 26. c3 d3 27. Rd1 d2 28. Kf1 Kxe5 29. Ra4 Rd8 30. Rxa7 Kf6 31. Ra4 Rc2 32. Rc4 Re8 33. Rxd2 Rc1+ 0-1

[Event "January 9 Early 2024"]
[Site "https://www.chess.com"]
[Date "2024.01.11"]
[Round "5"]
[White "Von Buelow, Georg"]
[Black "Szczepanek, Radoslaw"]
[Result "1-0"]
[Board "75"]
[TimeControl "180+1"]
[WhiteFideId "4620658"]
[BlackFideId "1120395"]
[WhiteElo "2133"]
[BlackElo "2358"]
[WhiteTeam "GER"]
[BlackTeam "POL"]
[WhiteClock "0:01:04"]
[BlackClock "0:00:01"]

1. e4 d6 2. d4 Nf6 3. Nc3 c6 4. Be3 Qa5 5. f3 e5 6. Ne2 Nbd7 7. Qd2 Be7 8. g4 exd4 9. Nxd4 Ne5 10. Be2 h5 11. g5 Nfd7 12. Nf5 O-O 13. Nxe7+ Kh8 14. Qxd6 b5 15. f4 b4 16. Nd1 b3+ 17. Bd2 Qb6 18. axb3 Ng4 19. Bxg4 hxg4 20. Nxc8 Raxc8 21. Qxd7 Rcd8 22. Qxg4 Qd4 23. Qe2 Rfe8 24. Nc3 c5 25. O-O-O 1-0

[Event "January 9 Early 2024"]
[Site "https://www.chess.com"]
[Date "2024.01.11"]
[Round "5"]
[White "Indjic, Aleksandar"]
[Black "Koshulyan, Egor A."]
[Result "1-0"]
[Board "76"]
[TimeControl "180+1"]
[WhiteFideId "911925"]
[BlackFideId "24237000"]
[WhiteElo "2890"]
[BlackElo "2672"]
[WhiteTeam "SRB"]
[BlackTeam "RUS"]
[WhiteClock "0:01:38"]
[BlackClock "0:00:06"]

1. d4 d5 2. c4 e6 3. Nc3 Nf6 4. Bg5 Be7 5. e3 O-O 6. Nf3 a6 7. h4 dxc4 8. Bxc4 b5 9. Bd3 Bb7 10. Qc2 h6 11. Ne4 Nd5 12. Bxe7 Qxe7 13. Nc5 Nb4 14. Qd2 Nxd3+ 15. Qxd3 Bxf3 16. gxf3 Nd7 17. Rc1 Nxc5 18. Rxc5 Rfd8 19. Qe4 Rab8 20. Rg1 Qf6 21. Ke2 Re8 22. Rxc7 e5 23. d5 Rbc8 24. Rc6 Rxc6 25. dxc6 Rc8 26. Rc1 Qd6 27. Qc2 Rc7 28. Qc5 Qe6 29. b3 Rc8 30. e4 Kh7 31. c7 f5 32. Qd5 Qb6 33. Qd7 Qb7 34. Qxf5+ Kh8 35. Qd7 Kh7 36. h5 b4 37. Rc5 a5 38. Qf5+ Kh8 39. Qxe5 Qa6+ 40. Ke1 Qd3 41. Qf5 Qb1+ 42. Ke2 Qxa2+ 43. Kf1 Qa1+ 44. Kg2 Rxc7 45. Rxc7 1-0

[Event "January 9 Early 2024"]
[Site "https://www.chess.com"]
[Date "2024.01.11"]
[Round "5"]
[White "Wadsworth, Matthew J"]
[Black "Frayna, Janelle Mae"]
[Result "1-0"]
[Board "77"]
[TimeControl "180+1"]
[WhiteFideId "415804"]
[BlackFideId "5212499"]
[WhiteElo "2639"]
[BlackElo "2457"]
[WhiteTeam "ENG"]
[BlackTeam "PHI"]
[WhiteClock "0:00:07"]
[BlackClock "0:01:18"]

1. e4 c6 2. c4 d5 3. exd5 cxd5 4. cxd5 Nf6 5. Bb5+ Nbd7 6. Nc3 g6 7. d3 Bg7 8. Nf3 O-O 9. Bf4 Nb6 10. d6 Nfd5 11. Bd2 Qxd6 12. O-O Bf5 13. Ne4 Qd8 14. Ba5 a6 15. Bc4 Qb8 16. Bb3 h6 17. Qd2 Be6 18. Nc5 Bg4 19. Bd1 Rc8 20. Rc1 Qd6 21. d4 Rab8 22. h3 Bf5 23. Ne5 Nf6 24. Bf3 Nbd5 25. g4 b6 26. gxf5 bxa5 27. fxg6 fxg6 28. Nxg6 Nh7 29. Bxd5+ e6 30. Bxe6+ Qxe6 31. Nxe6 Ng5 32. Nxg5 hxg5 33. Qxg5 Rb5 34. Rxc8+ 1-0

[Event "January 9 Early 2024"]
[Site "https://www.chess.com"]
[Date "2024.01.11"]
[Round "5"]
[White "Popov, Konstantin"]
[Black "Domingo Nunez, Alejandro"]
[Result "1-0"]
[Board "78"]
[TimeControl "180+1"]
[WhiteFideId "34137910"]
[BlackFideId "22245561"]
[WhiteElo "2911"]
[BlackElo "2694"]
[WhiteTeam "FID"]
[BlackTeam "ESP"]
[WhiteClock "0:00:50"]
[BlackClock "0:00:07"]

1. e4 g6 2. d4 Bg7 3. Nc3 c6 4. Bc4 d5 5. exd5 b5 6. Bb3 b4 7. Nce2 cxd5 8. a3 bxa3 9. Rxa3 Nf6 10. Nf3 O-O 11. O-O Nc6 12. c3 Na5 13. Ba2 Qc7 14. Bf4 Qb6 15. Ne5 Ba6 16. Re1 Nc4 17. Nxc4 Bxc4 18. b3 Bxe2 19. Qxe2 Rfc8 20. b4 a5 21. bxa5 Rxa5 22. Rb3 Qa7 23. Bb1 Ra1 24. Qxe7 Qa4 25. Bc2 Re8 26. Rb8 Ne4 27. Rxe8+ 1-0

[Event "January 9 Early 2024"]
[Site "https://www.chess.com"]
[Date "2024.01.11"]
[Round "5"]
[White "Skurikhin, Dmitrij"]
[Black "Ferey, Antonin"]
[Result "0-1"]
[Board "79"]
[TimeControl "180+1"]
[WhiteFideId "4161297"]
[BlackFideId "36051454"]
[WhiteElo "2187"]
[BlackElo "2497"]
[WhiteTeam "RUS"]
[BlackTeam "FRA"]
[WhiteClock "0:01:24"]
[BlackClock "0:00:19"]

1. d4 Nf6 2. Nf3 g6 3. c4 Bg7 4. Nc3 d6 5. e4 O-O 6. Be2 Bg4 7. O-O e5 8. Be3 Bxf3 9. Bxf3 exd4 10. Bxd4 Nc6 11. Bxf6 Bxf6 12. Nd5 Bg7 13. b3 Nd4 14. Rc1 c6 15. Ne3 a5 16. Nc2 c5 17. Nxd4 Bxd4 18. e5 dxe5 19. Bxb7 Rb8 20. Bd5 Qd7 21. Kh1 Kg7 22. f4 exf4 23. Rxf4 f5 24. Rxd4 cxd4 25. Qxd4+ Rf6 26. Re1 Re8 27. Rxe8 Qxe8 28. Qa7+ Kh6 29. Qxa5 Qe2 30. h3 f4 31. Qc3 Rf5 32. a4 Re5 33. a5 Qd1+ 34. Kh2 Re1 35. Qxe1 Qxe1 36. a6 Qg3+ 37. Kh1 Qe1+ 38. Kh2 Qa5 39. Bb7 Kg5 40. Kg1 Kh4 41. Kf2 Qd2+ 42. Kf1 Kg3 43. a7 Qf2# 0-1

[Event "January 9 Early 2024"]
[Site "https://www.chess.com"]
[Date "2024.01.11"]
[Round "5"]
[White "Van Foreest, Jorden"]
[Black "Wagner, Dennis"]
[Result "1-0"]
[Board "80"]
[TimeControl "180+1"]
[WhiteFideId "1039784"]
[BlackFideId "24650684"]
[WhiteElo "3015"]
[BlackElo "2748"]
[WhiteTeam "NED"]
[BlackTeam "GER"]
[WhiteClock "0:01:05"]
[BlackClock "0:00:01"]

1. c4 Nf6 2. Nc3 e5 3. Nf3 Nc6 4. g3 Bb4 5. Bg2 O-O 6. Nd5 Bc5 7. O-O h6 8. e3 d6 9. d4 exd4 10. exd4 Bb6 11. Nc3 Bg4 12. Be3 Qd7 13. a3 Rfe8 14. Re1 Bxd4 15. Bxd4 Rxe1+ 16. Qxe1 Bxf3 17. Bxf6 Bxg2 18. Kxg2 gxf6 19. Nd5 Kg7 20. Qc3 Qf5 21. Re1 Ne5 22. f4 Nd3 23. Re3 c6 24. Ne7 Nxf4+ 25. gxf4 Qxf4 26. Rg3+ Kh7 27. Qd3+ Kh8 28. Ng6+ fxg6 29. Qxg6 Qd2+ 30. Kh3 1-0

[Event "January 9 Early 2024"]
[Site "https://www.chess.com"]
[Date "2024.01.11"]
[Round "5"]
[White "Khamrakulov, Djurabek"]
[Black "Sierra Vallina, Lionel"]
[Result "0-1"]
[Board "81"]
[TimeControl "180+1"]
[WhiteFideId "14201143"]
[BlackFideId "54559774"]
[WhiteElo "2797"]
[BlackElo "2629"]
[WhiteTeam "UZB"]
[BlackTeam "ESP"]
[WhiteClock "0:01:12"]
[BlackClock "0:00:18"]

1. Nf3 d5 2. c4 e6 3. d4 Nf6 4. g3 Be7 5. Bg2 O-O 6. O-O c6 7. Nbd2 b6 8. Qc2 c5 9. dxc5 bxc5 10. cxd5 exd5 11. b3 Nc6 12. Bb2 Nb4 13. Qb1 Bg4 14. a3 Nc6 15. Qc2 Re8 16. h3 Bh5 17. Nh4 Bxe2 18. Rfe1 Bh5 19. g4 Bg6 20. Nxg6 hxg6 21. Rad1 Nd4 22. Qd3 Qb6 23. b4 Ne6 24. Qg3 cxb4 25. axb4 Qxb4 26. Bxf6 Bxf6 27. Bxd5 Rad8 28. Nf3 Nf4 29. g5 Rxe1+ 30. Rxe1 Bc3 31. Bxf7+ Kxf7 32. Re3 Kg8 33. Qg4 Rf8 34. Qd7 Qb1+ 35. Kh2 Qf1 0-1

[Event "January 9 Early 2024"]
[Site "https://www.chess.com"]
[Date "2024.01.11"]
[Round "5"]
[White "Burmakin, Evgeniy"]
[Black "Diaz, Fernando"]
[Result "0-1"]
[Board "82"]
[TimeControl "180+1"]
[WhiteFideId "4163729"]
[BlackFideId "3701255"]
[WhiteElo "2413"]
[BlackElo "2288"]
[WhiteTeam "RUS"]
[BlackTeam "PAR"]
[WhiteClock "0:00:01"]
[BlackClock "0:00:56"]

1. e4 e6 2. d4 d5 3. Nd2 Nf6 4. e5 Nfd7 5. f4 c5 6. c3 Nc6 7. Ndf3 cxd4 8. cxd4 Qa5+ 9. Kf2 Qb6 10. g3 f6 11. Kg2 g5 12. exf6 gxf4 13. Bxf4 Nxf6 14. Bd3 Qxb2+ 15. Ne2 Bg7 16. Qb3 Qxb3 17. axb3 O-O 18. Rhc1 Nh5 19. Bd6 Re8 20. b4 e5 21. b5 Nxd4 22. Nexd4 exd4 23. b6 a6 24. Re1 Bg4 0-1

[Event "January 9 Early 2024"]
[Site "https://www.chess.com"]
[Date "2024.01.11"]
[Round "5"]
[White "Mrudul Dehankar"]
[Black "Soraas, Torben"]
[Result "0-1"]
[Board "83"]
[TimeControl "180+1"]
[WhiteFideId "25096990"]
[BlackFideId "1503529"]
[WhiteElo "2400"]
[BlackElo "2283"]
[WhiteTeam "IND"]
[BlackTeam "NOR"]
[WhiteClock "0:00:01"]
[BlackClock "0:00:49"]

1. e4 e6 2. Nf3 d5 3. Nc3 dxe4 4. Nxe4 Nd7 5. d4 Ngf6 6. Ng3 Bd6 7. Bd3 b6 8. O-O Bb7 9. Re1 O-O 10. Qe2 c5 11. c3 Qc7 12. Ne5 Rad8 13. Bg5 Bxe5 14. dxe5 Nxe5 15. Bxf6 gxf6 16. Be4 Ng6 17. Nh5 f5 18. Bxb7 Qxb7 19. Qe3 Kh8 20. Qh6 Rg8 21. Nf6 Rg7 22. Nh5 Rdg8 0-1

[Event "January 9 Early 2024"]
[Site "https://www.chess.com"]
[Date "2024.01.11"]
[Round "5"]
[White "Tarhan, Adar"]
[Black "Foisor, Sabina-Francesca"]
[Result "1-0"]
[Board "84"]
[TimeControl "180+1"]
[WhiteFideId "34544712"]
[BlackFideId "1212915"]
[WhiteElo "2685"]
[BlackElo "2458"]
[WhiteTeam "TUR"]
[BlackTeam "USA"]
[WhiteClock "0:01:18"]
[BlackClock "0:00:03"]

1. e4 c6 2. d4 d5 3. Nc3 g6 4. e5 Bg7 5. f4 Nh6 6. Nf3 Bg4 7. Bd3 e6 8. Be3 Nf5 9. Bf2 h5 10. h3 Bxf3 11. Qxf3 h4 12. O-O-O Na6 13. a3 Qa5 14. Kb1 b5 15. Na2 Qb6 16. c3 Nc7 17. Kc2 a5 18. Ra1 Qb7 19. Kd2 Rc8 20. Nc1 Na8 21. Nb3 Qa7 22. Nc5 Nb6 23. b4 a4 24. Rag1 Nd7 25. g4 hxg3 26. Bxg3 Nxg3 27. Rxg3 Nxc5 28. dxc5 Qe7 29. Rg4 Rd8 30. h4 Kd7 31. h5 Rh6 32. hxg6 fxg6 33. Rxh6 Bxh6 34. Rxg6 Rh8 35. Qg4 Qf7 36. Rf6 Qg7 37. Qxe6+ Kd8 38. Qd6+ Kc8 39. Bf5+ Kb7 40. Qxc6+ 1-0

[Event "January 9 Early 2024"]
[Site "https://www.chess.com"]
[Date "2024.01.11"]
[Round "5"]
[White "Santos Flores, Alberto"]
[Black "Novozhilov, Semen"]
[Result "0-1"]
[Board "85"]
[TimeControl "180+1"]
[WhiteFideId "3601234"]
[BlackFideId "24289167"]
[WhiteElo "2503"]
[BlackElo "2701"]
[WhiteTeam "ECU"]
[BlackTeam "RUS"]
[WhiteClock "0:00:21"]
[BlackClock "0:00:32"]

1. e4 c5 2. Nf3 Nc6 3. Nc3 d6 4. d4 cxd4 5. Nxd4 Nf6 6. Bg5 e6 7. Bb5 Bd7 8. Bxc6 bxc6 9. Qf3 e5 10. Nf5 h6 11. Bh4 g5 12. Bg3 g4 13. Qd3 Bxf5 14. exf5 h5 15. O-O-O h4 16. Bxe5 dxe5 17. Qc4 Qb6 18. Rhe1 Be7 19. Rxe5 Kf8 20. Qe2 Re8 21. Ne4 c5 22. Kb1 Kg7 23. Nxf6 Bxf6 24. Qxg4+ Kh6 25. Qf4+ Kh7 26. Red5 Qxb2# 0-1

[Event "January 9 Early 2024"]
[Site "https://www.chess.com"]
[Date "2024.01.11"]
[Round "5"]
[White "Cristobal, Manuel"]
[Black "Ashraf, Artin"]
[Result "1/2-1/2"]
[Board "86"]
[TimeControl "180+1"]
[WhiteFideId "112879"]
[BlackFideId "22514805"]
[WhiteElo "2707"]
[BlackElo "2909"]
[WhiteTeam "ARG"]
[BlackTeam "IRI"]
[WhiteClock "0:01:28"]
[BlackClock "0:00:03"]

1. d4 d5 2. Nf3 Nf6 3. e3 c5 4. Bd3 Nc6 5. O-O cxd4 6. exd4 Bg4 7. c3 e6 8. h3 Bh5 9. Re1 Bd6 10. Bg5 Qc7 11. Nbd2 Bg6 12. Bxg6 hxg6 13. Ne5 Nxe5 14. dxe5 Bxe5 15. Nf3 Bd6 16. Bxf6 gxf6 17. Qxd5 O-O 18. Qd4 e5 19. Qh4 Kg7 20. Rad1 Rad8 21. Nd2 f5 22. Qc4 Bc5 23. Qb5 a6 24. Qe2 e4 25. Nb3 Ba7 26. Rxd8 Rxd8 27. Rd1 Rh8 28. Qd2 Qe5 29. Qd6 Qe8 30. Qd7 Qb8 31. Qd6 Qe8 32. Nd4 e3 33. fxe3 Qxe3+ 34. Kh1 Bb8 35. Qd5 Re8 36. Nf3 Kg8 37. Qxb7 g5 38. Qd7 g4 39. hxg4 Qh6+ 40. Kg1 Qe3+ 41. Kh1 Qh6+ 42. Kg1 Qe3+ 43. Kh1 1/2-1/2

[Event "January 9 Early 2024"]
[Site "https://www.chess.com"]
[Date "2024.01.11"]
[Round "5"]
[White "Hrebenshchykova, Yelyzaveta"]
[Black "Principe, Gerson"]
[Result "1/2-1/2"]
[Board "87"]
[TimeControl "180+1"]
[WhiteFideId "14159899"]
[BlackFideId "3804550"]
[WhiteElo "2492"]
[BlackElo "2644"]
[WhiteTeam "UKR"]
[BlackTeam "PER"]
[WhiteClock "0:00:25"]
[BlackClock "0:00:30"]

1. e4 c6 2. d4 d5 3. e5 Bf5 4. h4 h5 5. Bd3 Bxd3 6. Qxd3 e6 7. Bg5 Be7 8. Nf3 Nd7 9. O-O Nh6 10. Bxe7 Qxe7 11. Nbd2 Nf5 12. c4 Nxh4 13. cxd5 Nxf3+ 14. Nxf3 cxd5 15. Rac1 O-O 16. Qb5 Nb6 17. a4 Rac8 18. a5 Nc4 19. Rc3 a6 20. Qa4 Nxb2 21. Qb3 Nc4 22. Ra1 Rc6 23. Ne1 Rfc8 24. Rc2 g6 25. Re2 Qc7 26. Qb4 Qd7 27. Nd3 R6c7 28. Nc5 Qe7 29. Rc1 Qg5 30. Rd1 Qe7 31. Rc1 Qe8 32. Rb1 Qe7 33. Rc1 1/2-1/2

[Event "January 9 Early 2024"]
[Site "https://www.chess.com"]
[Date "2024.01.11"]
[Round "5"]
[White "Poormosavi, Seyed Kian"]
[Black "Shimanov, Aleksandr"]
[Result "0-1"]
[Board "88"]
[TimeControl "180+1"]
[WhiteFideId "12585807"]
[BlackFideId "4198603"]
[WhiteElo "2736"]
[BlackElo "2999"]
[WhiteTeam "IRI"]
[BlackTeam "RUS"]
[WhiteClock "0:00:15"]
[BlackClock "0:00:59"]

1. Nf3 g6 2. g3 Bg7 3. Bg2 e5 4. d3 Nc6 5. c4 d6 6. O-O Be6 7. Nc3 Qd7 8. Ng5 Bf5 9. e4 Bg4 10. f3 Be6 11. Nxe6 fxe6 12. f4 Nge7 13. fxe5 Bxe5 14. Be3 Nd4 15. Qd2 Nec6 16. Rf2 Rf8 17. Raf1 Rxf2 18. Qxf2 O-O-O 19. Qf7 b6 20. Bg5 Qxf7 21. Rxf7 Rd7 22. Rf8+ Kb7 23. Kf2 Bg7 24. Re8 Rf7+ 25. Ke1 Ne5 26. Be3 Nxd3+ 27. Kd2 Nxb2 28. e5+ Nc6 29. exd6 Nxc4+ 30. Kd3 Nxd6 31. Rxe6 Rd7 32. Kc2 Bxc3 33. Kxc3 Nb5+ 34. Kb3 Rd6 35. Re7 a6 36. Rxh7 Rd3+ 37. Kc4 Rxe3 38. Kd5 Nd6 39. Rg7 Re5# 0-1

[Event "January 9 Early 2024"]
[Site "https://www.chess.com"]
[Date "2024.01.11"]
[Round "5"]
[White "Makaraci, Tunahan"]
[Black "Eilenberg, Jonas"]
[Result "1-0"]
[Board "89"]
[TimeControl "180+1"]
[WhiteFideId "6356559"]
[BlackFideId "16204271"]
[WhiteElo "2555"]
[BlackElo "2383"]
[WhiteTeam "TUR"]
[BlackTeam "GER"]
[WhiteClock "0:00:32"]
[BlackClock "0:00:44"]

1. e4 c5 2. c3 Nf6 3. e5 Nd5 4. Nf3 Nc6 5. Bc4 Nb6 6. Bb3 d5 7. exd6 Qxd6 8. O-O Be6 9. Bxe6 Qxe6 10. a4 Qd7 11. a5 Nd5 12. a6 b6 13. d4 cxd4 14. Nxd4 e6 15. Nxc6 Qxc6 16. Qe2 Bc5 17. c4 Nf6 18. Nc3 O-O 19. Bg5 Rfd8 20. Bxf6 gxf6 21. Nb5 f5 22. Rad1 Kg7 23. Rxd8 Rxd8 24. Rd1 Rxd1+ 25. Qxd1 Qc8 26. Qa1 Be7 27. Nxa7 Qa8 28. Nb5 Bf6 29. a7 Be5 30. g3 h5 31. f4 Bf6 32. Qd1 Kg6 33. Kf2 Bxb2 34. Qf3 Bd4+ 35. Kg2 Qc8 36. a8=Q Qxc4 37. Qg8+ Bg7 38. Qxf7+ Kxf7 39. Nd6+ Kg8 40. Nxc4 1-0